 Dungeon Crawl Stone Soup version 0.32-a0-996-gb3226c233f (webtiles) character file.

Game seed: 3511257768305790225

2417 Heh the Fighter (level 9, -2/75 HPs)
             Began as a Coglin Alchemist on Apr 24, 2024.
             Slain by a yak (8 damage)
             ... on level 7 of the Dungeon.
             The game lasted 00:13:32 (7048 turns).

Heh the Fighter (Coglin Alchemist)                  Turns: 7048, Time: 00:13:32

Health: -2/75      AC:  6    Str:  9 (10) XL:     9   Next: 47%
Magic:  1/11       EV: 12    Int: 12 (14) God:
Gold:   261        SH:  0    Dex: 15 (18) Spells: 3/11 levels left

rFire   . . .        k - +0 falchion {Agam}
rCold   . . .        y - +0 falchion {Edeltraud}
rNeg    . . .        p - +0 robe {Will+}
rPois   .            x - +0 helmet
rElec   .            (no cloak)
rCorr   .            q - +2 pair of gloves
SInv    .            (no boots)
Will    +....        (amulet unavailable)
Stlth   ++           (ring unavailable)
HPRegen 0.32/turn    (ring unavailable)
MPRegen 0.12/turn    (no gizmo)

%: no passive effects
@: revving
A: off-hand wielding, slow wielding, warmup strikes, no jewellery
a: Invent Gizmo


You were on level 7 of the Dungeon.
You visited 1 branch of the dungeon, and saw 7 of its levels.

You collected 324 gold pieces.
You spent 63 gold pieces at shops.

Inventory:

Hand Weapons
 d - a +0 short sword {Ku-aya}
 e - a +0 dagger {Kanehira}
 h - a +0 short sword {Zorawar}
 k - a +0 falchion (weapon) {Agam}
 w - a +2 spectral quarterstaff {Izel}
 y - a +0 falchion (offhand) {Edeltraud}
 E - a +0 dagger of venom
 G - a +0 rapier
Missiles
 F - 18 poisoned darts
Armour
 a - a +0 robe
 p - a +0 robe of willpower (worn)
 q - a +2 pair of gloves (worn)
 x - a +0 helmet (worn)
 z - a +1 leather armour of fire resistance
Scrolls
 f - 4 scrolls of identify {unknown}
 g - a scroll of teleportation {unknown}
 i - a scroll of blinking {unknown}
 l - 2 scrolls of brand weapon {unknown}
 n - a scroll of noise {unknown}
 o - a scroll of fog {unknown}
 r - 2 scrolls of immolation {unknown}
 s - 2 scrolls of amnesia {unknown}
 u - a scroll of revelation {unknown}
 A - a scroll of enchant armour {unknown}
 D - a scroll of fear {unknown}
Potions
 b - a potion of magic
 j - a potion of berserk rage
 m - a potion of degeneration
 t - a potion of mutation {unknown}
 v - 4 potions of heal wounds {unknown}
 B - 2 potions of lignification {unknown}


   Skills:
 + Level 8.6 Fighting
 + Level 5.8 Long Blades
 + Level 3.3 Dodging
 - Level 1.5 Stealth
 - Level 1.7 Spellcasting
 - Level 0.8 Conjurations
 - Level 7.2 Alchemy


You had 3 spell levels left.
You knew the following spells:

 Your Spells              Type           Power      Damage    Failure   Level
a - Sting                 Conj/Alch      40%        1d5       5%          1
b - Mephitic Cloud        Conj/Alch/Air  7%         N/A       28%         3
c - Olgreb's Toxic Radia  Alch           18%        N/A       14%         4

Your spell library contained the following spells:

 Spells                   Type           Power      Damage    Failure   Level
 Mercury Vapours          Alch/Air       18%        N/A       10%         2
 Shock                    Conj/Air       8%         1d3       24%         1
 Hailstorm                Conj/Ice       2%         3d5       56%         3
 Summon Ice Beast         Ice/Summ       1%         N/A       63%         3
 Swiftness                Air            1%         N/A       63%         3
 Tukima's Dance           Hex            1%         N/A       63%         3
 Sticky Flame             Fire/Alch      9%         2d5       54%         4
 Yara's Violent Unravell  Hex/Alch       4%         3d4       87%         5
 Airstrike                Air            0%         2d(1-17)  95%         4
 Passage of Golubria      Tloc           1%         N/A       95%         4
 Permafrost Eruption      Ice/Erth       0%         2x4d1     100%        6
 Sculpt Simulacrum        Ice/Alch       4%         N/A       100%        6


Dungeon Overview and Level Annotations

Branches:
Dungeon (7/15)             Temple (0/1) D:4

Altars:
Gozag
Okawaru
Wu Jian
Xom

Shops:
D:1 =   D:4 !**

Annotations:
D:3 1 runed translucent door, jamsaran's ghost, weakling DgAl


Innate Abilities, Weirdness & Mutations

You can wield a second weapon in your off-hand.
It takes a long time for you to wield or remove held weapons.
Your first few attacks do less damage.
You cannot equip rings or amulets.


Message History

Unknown command.
You completely miss the yak with your +0 falchion.
The yak is heavily wounded.
You hit the yak but do no damage.
The yak looks as sick as possible! x2
The yak looks more healthy.
The yak gores you! x2
* * * LOW HITPOINT WARNING * * *
Unknown command.
The yak is poisoned.
Your toxic aura wanes.
You hit the yak but do no damage.
The yak is severely wounded.
You hit the yak but do no damage.
You kill the yak!
The yak barely misses you.
You barely miss the yak with your +0 falchion.
The yak is severely wounded.
You closely miss the yak with your +0 falchion.
The yak gores you!
* * * LOW HITPOINT WARNING * * *
Unknown command.
You feel better. The yak gores you but does no damage.
It was a potion of degeneration.
There was something very wrong with that liquid.
You feel weakened.
You feel dopey.
You feel clumsy. The yak gores you!
* * * LOW HITPOINT WARNING * * *
You feel better. The yak gores you.
* * * LOW HITPOINT WARNING * * *
Okay, then.
Okay, then.
You don't have enough magic to cast this spell.
Throw: throwing net
Press: ? - help, Q - select action, (/) - cycle Shift-Dir - straight line, f - yak
Aim: a yak (severely wounded, poisoned, 71% to hit)
You throw a throwing net.
The throwing net closely misses the yak.
The throwing net hits the yak.
The yak is caught in the net!
The yak is almost dead.
The yak gores you!
You die...

........... #
..........##.
..............
#......<# .# ..
#.......##.# ...
#.......##.###...
#.....YY##.#.....
#.#####Y##...#..#
# ##@#.......#
##......# #......
#..##.#.##
..≈≈≈≈#
#.###....#
..≈≈≈≈# #.#
#.#..# ##.≈≈≈≈#
......#..#
#..≈≈≈≈#
.....#.##.####..#
#..≈≈≈≈##
#............#
#..###........
###..........###
##..##..##


You could see 3 yaks.

Vanquished Creatures
  A yak (D:7)
  Eustachio (D:4)
  Menkaure (D:5)
  3 black bears
  An ice beast (D:5)
  An ogre (D:4)
  A kobold brigand (D:6)
  5 bullfrogs
  8 killer bees
  A howler monkey (D:5)
  2 bombardier beetles
  A hound (D:7)
  2 jellies
  A gnoll bouda (D:5)
  3 orc priests
  Jessica (D:2)
  2 iguanas
  A sleepcap (D:4)
  Natasha (twice) (D:4)
  Terence (D:2)
  An orc wizard (D:5)
  Robin (D:2)
  6 gnolls (D:5)
  11 adders
  2 white imps
  2 dart slugs
  4 ribbon worms
  17 orcs
  5 bats
  11 endoplasms
  6 giant cockroaches
  14 goblins
  13 hobgoblins
  8 jackals
  2 quokkas (D:1)
  11 ball pythons
  3 frilled lizards
  11 kobolds
  6 rats
173 creatures vanquished.

Vanquished Creatures (others)
  A howler monkey (D:4)
  Natasha (D:4)
  A goblin (D:4)
3 creatures vanquished.

Grand Total: 176 creatures vanquished

Notes
Turn   | Place    | Note
-------+----------+-------------------------------------------
     0 | D:1      | Heh the Coglin Alchemist began the quest for the Orb.
     0 | D:1      | Reached XP level 1. HP: 13/13 MP: 3/3
   126 | D:1      | Found Xicoenepom's Jewellery Boutique.
   218 | D:1      | Found a faded altar of an unknown god.
   224 | D:1      | Reached skill level 1 in Fighting
   224 | D:1      | Reached XP level 2. HP: 19/21 MP: 4/4
   800 | D:1      | Reached XP level 3. HP: 26/26 MP: 3/5
   804 | D:1      | Learned a level 3 spell: Mephitic Cloud
  1140 | D:2      | Noticed Terence
  1166 | D:2      | Killed Terence
  1167 | D:2      | Reached skill level 2 in Fighting
  1300 | D:2      | Reached XP level 4. HP: 29/33 MP: 6/6
  1453 | D:2      | Reached skill level 5 in Alchemy
  1538 | D:2      | Noticed Robin
  1618 | D:2      | Killed Robin
  1619 | D:2      | Reached XP level 5. HP: 26/38 MP: 1/7
  1783 | D:2      | Noticed Jessica
  1789 | D:2      | Killed Jessica
  2295 | D:3      | Found an ornate altar of the Wu Jian Council.
  2518 | D:3      | Found a runed translucent door.
  2886 | D:3      | Noticed jamsaran's ghost (weakling DgAl)
  2975 | D:4      | Reached XP level 6. HP: 26/44 MP: 8/8
  3063 | D:4      | Learned a level 4 spell: Olgreb's Toxic Radiance
  3157 | D:4      | Found a shimmering altar of Xom.
  3160 | D:4      | Found Nuifrael's General Store.
  3163 | D:4      | Noticed Natasha
  3169 | D:4      | Reached skill level 3 in Fighting
  3173 | D:4      | Found Iploikhlo's Specific Store.
  3296 | D:4      | Bought a +0 helmet for 63 gold pieces
  3311 | D:4      | Killed Natasha
  3391 | D:4      | Killed Natasha
  3445 | D:4      | Reached XP level 7. HP: 31/52 MP: 9/9
  3523 | D:4      | Noticed Natasha
  3528 | D:4      | Killed Natasha
  3566 | D:4      | Reached skill level 4 in Fighting
  3597 | D:4      | Found a staircase to the Ecumenical Temple.
  3739 | D:4      | Found Cexaw's Distillery.
  3933 | D:4      | Noticed Eustachio
  3944 | D:4      | Killed Eustachio
  3945 | D:4      | Reached skill level 5 in Fighting
  4123 | D:5      | Entered Level 5 of the Dungeon
  4137 | D:5      | Noticed Menkaure
  4144 | D:5      | Killed Menkaure
  4318 | D:5      | Reached skill level 6 in Fighting
  4350 | D:5      | Reached XP level 8. HP: 52/64 MP: 10/10
  4354 | D:5      | Reached skill level 1 in Long Blades
  4605 | D:5      | Found an opulent altar of Gozag.
  5146 | D:5      | Reached skill level 7 in Fighting
  5942 | D:6      | Reached XP level 9. HP: 47/74 MP: 7/11
  6154 | D:6      | Reached skill level 8 in Fighting
  6157 | D:6      | Reached skill level 5 in Long Blades
  7031 | D:7      | Found an iron altar of Okawaru.
  7048 | D:7      | Slain by a yak

Illustrated notes

Levels and vault maps discovered:
D:1:      lemuel_arrival_broad_hall, layout_basic,
          hellmonk_ecumenical_altar_heavens_door, serial_shops, shop_statue,
          nicolae_titane
D:2:      layout_loops_ring, uniq_terence, uniq_robin, uniq_jessica
D:3:      layout_basic, nicolae_wu_jian_wuxing_cycle,
          ebering_ghost_reflecting_pool, minmay_misc_feat_hallway
D:4:      layout_cave_pods, xom_confusion_cloud, minmay_temple_entry_grid,
          serial_shops, shop, nicolae_specific_store, hangedman_decor_growths,
          uniq_eustachio, uniq_natasha
D:5:      layout_loops_ring, nicolae_gozag_seed_capital, minmay_misc_feat_tower,
          uniq_menkaure
D:6:      layout_layer_cave
D:7:      layout_rooms, nemelex_diamond_rough_becter, overflow_temple_1_default,
          serial_shops, kennysheep_mini, nicolae_tricolors, uniq_prince_ribbit1

Skill      XL: |  1  2  3  4  5  6  7  8  9 |
---------------+----------------------------+-----
Fighting       | 1 2 3 6 7 8 |  8.6
Alchemy        | 4 5 6 7 |  7.2
Long Blades    | 4 5 |  5.8
Dodging        | 3 |  3.3
Stealth        | |  1.5
Spellcasting   | |  1.7
Conjurations   | |  0.8

Action                     |  1- 3 |  4- 6 |  7- 9 || total
---------------------------+-------+-------+-------++-------
  Melee: Unarmed           |    11 |       |       ||    11
         Dagger            |    18 |       |       ||    18
         Short sword       |    41 |   109 |       ||   150
         Falchion          |    15 |   113 |   259 ||   387
         Quarterstaff      |       |    11 |    17 ||    28
  Throw: Throwing net      |       |       |     1 ||     1
   Cast: Sting             |    18 |     7 |     3 ||    28
         Mephitic Cloud    |     1 |     3 |     1 ||     5
         Olgreb's Toxic Ra |       |     4 |    22 ||    26
    Use: Potion            |       |     3 |     3 ||     6
   Stab: Sleeping          |     5 |     7 |     5 ||    17
         Confused          |     1 |     2 |       ||     3
         Distracted        |       |       |     1 ||     1
 Armour: Robe              |    40 |    87 |   125 ||   252
  Dodge: Dodged            |    35 |    89 |    95 ||   219

Table legend: (Time is in decaauts)
 A = Elapsed time spent in this place.
 B = Non-inter-level travel time spent in this place.
 C = Inter-level travel time spent in this place.
 D = Time resting spent in this place.
 E = Time spent auto-exploring this place.
 F = Levels seen in this place.
 G = Mean time per level.
                   A        B        C        D        E       F      G
               +--------+--------+--------+--------+--------+-----+--------+
         Total |   7118 |   6925 |    193 |     74 |   5672 |   7 | 1016.9 |
       Dungeon |   7118 |   6925 |    193 |     74 |   5672 |   7 | 1016.9 |
               +--------+--------+--------+--------+--------+-----+--------+

Top non-repeatable levels by time:
     D:6: 1561 daAuts
     D:4: 1250 daAuts
     D:5: 1105 daAuts
     D:2: 1099 daAuts
     D:1: 1087 daAuts
     D:3: 737 daAuts
     D:7: 277 daAuts
